Cogmind - Beta 14 @@@ ROGUE MODE // 2024.11.23 @ 14:10:49 Player: WazdakkaGutsmek Result: Destroyed by JY-PFE(R) with Subdweller Machine Gun Performance ------------- Evolutions (0) 0 Regions Visited (2) 400 Robots Destroyed (19) 95 Value Destroyed (581) 581 Prototype IDs (0) 0 Alien Tech Used (0) 0 Bonus (0) 0 TOTAL SCORE: 1076 Bonus ------- None Cogmind --------- Core Integrity 0/250 Matter 141/300 Energy 110/125 System Corruption 1% Temperature Cool (0) Movement Treading (160) Location -10/Subcaves Parts ------- > --- POWER (1) -------- Light Ion Engine > --- PROPULSION (2) --- Light Treads Light Treads > --- UTILITY (2) ------ Large Storage Unit > --- WEAPON (2) ------- Beam Rifle Light Cannon > --- INVENTORY (15) --- (None) Peak State ------------ > --- POWER ------------ Light Nuclear Core > --- PROPULSION ------- Light Treads Light Treads > --- UTILITY ---------- Large Storage Unit Seismic Detector > --- WEAPON ----------- Light Assault Rifle Light Cannon > --- INVENTORY -------- Light Ion Engine Light Treads Light Treads Light Cannon [Rating: 9] Favorites ----------- Power Light Nuclear Core Engine Light Ion Engine Power Core Light Nuclear Core Propulsion Light Treads Treads Light Treads Leg Aluminum Leg Utility Large Storage Unit Device Seismic Detector Storage Large Storage Unit Weapon Light Cannon Energy Gun EM Pulse Gun Ballistic Gun Light Assault Rifle Ballistic Cannon Light Cannon Build | -11 -10 -10 ------- Run | Yrd Mat Sub Slots Evolved . | . . . Power . | . . . Propulsion . | . . . Utility . | . . . Weapon . | . . . Parts Attached 13 | . 7 6 Power 3 | . 2 1 Engine 1 | . . 1 Core 2 | . 2 . Reactor . | . . . Propulsion 4 | . 2 2 Treads 4 | . 2 2 Leg . | . . . Wheel . | . . . Hover . | . . . Flight . | . . . Utility 2 | . 2 . Device 1 | . 1 . Storage 1 | . 1 . Processor . | . . . Hackware . | . . . Protection . | . . . Artifact . | . . . Weapon 4 | . 1 3 Energy Gun 1 | . . 1 Energy Cannon . | . . . Ballistic Gun 1 | . . 1 Ballistic Cannon 2 | . 1 1 Launcher . | . . . Special Weapon . | . . . Impact Weapon . | . . . Slashing Weapon . | . . . Piercing Weapon . | . . . Special Melee Weapon . | . . . Unidentified Prototypes . | . . . Corrupted Parts 1 | . 1 . System Corruption 1 | . 1 . Parts Lost 9 | . 3 6 Power 2 | . 1 1 Propulsion 3 | . 1 2 Utility 1 | . . 1 Weapon 3 | . 1 2 Highest Loss Streak 2 | . 2 2 To Critical Strikes . | . . . Average Slot Usage (%) 84 | . 86 82 Engine 3 | . 5 . Core 6 | . 7 5 Treads 20 | . 16 28 Leg 7 | . 11 . Device 5 | . 1 10 Storage 14 | . 14 14 Energy Gun 1 | . 2 . Ballistic Gun 9 | . 14 2 Ballistic Cannon 14 | . 11 19 Peak Build Rating 9 | . 9 9 Average Rating 6 | . 7 6 On Entrance 7 | 6 6 9 Naked Turns . | . . . Heaviest Build 32 | 11 30 32 Greatest Support 40 | 20 40 40 Greatest Overweight (x) 1 | . 1 . Average Overweight (x) . | . . . Largest Inventory Capacity 15 | . 15 15 Average Capacity 14 | . 14 15 Most Carried 7 | . 7 4 Average Carried 4 | . 4 2 Final Capacity 15 | 8 15 15 Final Carried 6 | 6 4 . Class Distribution -------------------- 100% | Mutant Dominant Class ---------------- Mutant | -10/Materials Mutant | -10/Subcaves Resources | -11 -10 -10 ----------- Run | Yrd Mat Sub Matter Collected 567 | 200 252 115 Remotely . | . . . Salvage Created 580 | . 449 131 Parts 34 | . 32 2 Haulers Intercepted 2 | . 2 . Recyclers Shooed . | . . . Parts Field Recycled . | . . . Retrieved Matter . | . . . Parts Self-Destructed 2 | . . 2 Prevented . | . . . Kills | -11 -10 -10 ------- Run | Yrd Mat Sub Combat Hostiles Destroyed 15 | . 9 6 Guns 3 | . 3 . Cannons 12 | . 6 6 Classes Destroyed 7 | . 4 3 Worker 1 | . 1 . Hauler 2 | . 2 . Watcher 1 | . 1 . Swarmer 1 | . . 1 Grunt 9 | . 9 . Sentry 1 | . . 1 Subdweller 4 | . . 4 Best Kill Streak 4 | . 4 2 Combat Bots Only 3 | . 3 2 Max Kills in Single Turn 1 | . 1 1 Gunslinging . | . . . Exploded . | . . . Melee . | . . . Uniques/NPCs Destroyed . | . . . Combat | -11 -10 -10 -------- Run | Yrd Mat Sub Hostile Shots Fired 119 | . 65 54 Missed 41 | . 25 16 Damage Taken 1388 | . 553 835 Core 252 | . 134 118 Absorbed by Shields . | . . . Core Remaining (%) 100 | 100 . . Volleys Fired 90 | . 51 39 Largest 2 | . 2 2 Hottest 91 | . 60 91 Shots Fired 163 | . 99 64 Gun 78 | . 60 18 Cannon 85 | . 39 46 Launcher . | . . . Special . | . . . Kinetic 152 | . 90 62 Thermal 2 | . . 2 Explosive . | . . . Electromagnetic 9 | . 9 . Robot Hit Streak 20 | . 20 11 Robot Miss Streak 4 | . 3 4 Penetration Max . | . . . Secondary Targets . | . . . Shots Hit Robots 120 | . 73 47 Core Hits 39 | . 28 11 Critical Kills . | . . . Critical Parts Destroyed . | . . . Critical Strikes 5 | . 2 3 Blast 4 | . 1 3 Corrupt 1 | . 1 . Melee Attacks . | . . . Impact . | . . . Slashing . | . . . Piercing . | . . . Sneak Attacks . | . . . Combat Hostiles . | . . . Follow-up Attacks . | . . . Damage Inflicted 1674 | . 937 737 Guns 572 | . 425 147 Cannons 1080 | . 490 590 Explosions . | . . . Melee . | . . . Ramming 22 | . 22 . Kinetic 1545 | . 808 737 Thermal . | . . . Explosive . | . . . Electromagnetic 107 | . 107 . Impact . | . . . Slashing . | . . . Piercing . | . . . Highest Corruption 1 | . 1 1 Average Corruption 1 | . 1 1 Corruption Purged . | . . . Corruption Blocked . | . . . Effects 8 | . 1 7 Message Errors 2 | . . 2 Matter Fused 1 | . . 1 Heat Flow Errors 2 | . 1 1 Data Loss (minor) 1 | . . 1 Misfires 1 | . . 1 Weapon Failures 1 | . . 1 Overload Shots . | . . . Overflow Damage . | . . . Projectiles . | . . . Explosions . | . . . Melee . | . . . Knockbacks 7 | . 3 4 Impact . | . . . Kinetic 7 | . 3 4 Secondary . | . . . Self-Inflicted Damage . | . . . Shots . | . . . Rammed 3 | . 3 . Targets Rammed 4 | . 4 . Kicked 1 | . 1 . Crushed . | . . . Highest Temperature 216 | . 216 202 Average Temperature 69 | . 67 110 Received Heat Transfer 396 | . 330 66 Siege Activations . | . . . Robots Corrupted . | . . . Combat Hostiles . | . . . Parts Fried . | . . . Impact Corruptions . | . . . Robots Melted . | . . . Combat Hostiles . | . . . Parts Melted . | . . . Heat Transferred . | . . . Parts Sabotaged . | . . . Parts Stolen . | . . . Parts Stripped . | . . . Power Chain Reactions . | . . . Alert | -11 -10 -10 ------- Run | Yrd Mat Sub Peak Influence 170 | . 170 . Initial . | . . . Average 42 | . 42 . Maximum Alert Level . | . . . Low Security (%) 100 | . 100 . Level 1 . | . . . Level 2 . | . . . Level 3 . | . . . Level 4 . | . . . Level 5 . | . . . High Security . | . . . Max Security . | . . . Squads Dispatched 1 | . 1 . Investigation . | . . . Extermination . | . . . Reinforcement 1 | . 1 . Assault . | . . . Garrison . | . . . Intercept . | . . . Searches Triggered . | . . . Construction Impeded . | . . . Haulers Reinforced . | . . . Active Scanning Responses . | . . . Cargo Convoy Interrupts . | . . . Stealth | -11 -10 -10 --------- Run | Yrd Mat Sub Distress Signals 1 | . 1 . Communications Jammed . | . . . Distress Signals . | . . . Times Spotted 22 | . 14 8 Peak Tracking Total 6 | . 6 2 Tactical Retreats . | . . . Traps | -11 -10 -10 ------- Run | Yrd Mat Sub Traps Triggered 1 | . 1 . Indirectly . | . . . Trap Hack Attempts . | . . . Triggered . | . . . Disarmed . | . . . Reprogrammed . | . . . Reused . | . . . Traps Extracted . | . . . Installed . | . . . Triggered . | . . . Machines | -11 -10 -10 ---------- Run | Yrd Mat Sub Machines Disabled . | . . . Max in Single Turn . | . . . Machines Repaired . | . . . Machines Dismantled . | . . . Machines Sabotaged . | . . . Overloaded Fab Kills . | . . . Hacking | -11 -10 -10 --------- Run | Yrd Mat Sub Machines Accessed 5 | . 5 . Terminals 5 | . 5 . Fabricators . | . . . Repair Stations . | . . . Recycling Units . | . . . Scanalyzers . | . . . Garrison Access . | . . . Total Hacks 12 | . 12 . Successful 10 | . 10 . Failed 2 | . 2 . Catastrophic . | . . . Database Lockouts . | . . . Manual 12 | . 12 . Terminals 12 | . 12 . Fabricators . | . . . Repair Stations . | . . . Recycling Units . | . . . Scanalyzers . | . . . Garrison Access . | . . . Terminal Hacks 4 | . 4 . Robot Analysis 2 | . 2 . Terminal Index 1 | . 1 . Zone Layout 1 | . 1 . Fabricator Hacks . | . . . Repair Station Hacks . | . . . Recycling Unit Hacks . | . . . Scanalyzer . | . . . Garrison Access Hacks . | . . . Unauthorized Hacks 6 | . 6 . Terminals 6 | . 6 . Botnet 1 | . 1 . Skim 5 | . 5 . Fabricators . | . . . Repair Stations . | . . . Recycling Units . | . . . Scanalyzers . | . . . Garrison Access . | . . . Data Cores Recovered . | . . . Used . | . . . Hacking Detections 3 | . 3 . Full Trace Events . | . . . Feedback Events . | . . . Feedback Blocked . | . . . Robot Schematics Acquired . | . . . Robots Built . | . . . Authchips . | . . . Time . | . . . Total Robot Build Rating . | . . . Part Schematics Acquired . | . . . Parts Built . | . . . Authchips . | . . . Time . | . . . Total Part Build Rating . | . . . Parts Repaired . | . . . Time . | . . . Parts Recycled . | . . . Recycled Matter . | . . . Retrieved Matter . | . . . Retrieved Components . | . . . Parts Scanalyzed . | . . . Part Schematics Acquired . | . . . Parts Damaged . | . . . Bothacking | -11 -10 -10 ------------ Run | Yrd Mat Sub Used RIF Installer . | . . . Robots Hacked . | . . . Non-combat . | . . . Combat . | . . . Robot Hacks Applied . | . . . Relay Couplers Released . | . . . Fabnet Peak Effective % . | . . . Robots Rewired . | . . . Allies Hacked . | . . . Hacks Repelled . | . . . Allies | -11 -10 -10 -------- Run | Yrd Mat Sub Total Allies . | . . . Largest Group . | . . . Highest-Rated Group . | . . . Highest-Rated Ally . | . . . Total Orders . | . . . Ally Attacks . | . . . Total Damage . | . . . Kills . | . . . Allies Corrupted . | . . . Allies Melted . | . . . Intel | -11 -10 -10 ------- Run | Yrd Mat Sub Robot Analysis Total 2 | . 2 . Derelict Logs Recovered . | . . . Drone Launches . | . . . Drone Recoveries . | . . . Exploration | -11 -10 -10 ------------- Run | Yrd Mat Sub Turns Passed 1485 | . 905 580 Spaces Moved 736 | 1 445 290 Core . | . . . Treads 588 | . 298 290 Legs 148 | 1 147 . Wheels . | . . . Hover . | . . . Flight . | . . . Fastest Speed 120 | 120 120 160 Average Speed 162 | 120 164 160 Slowest Speed 190 | 120 190 160 Overloaded Moves . | . . . Propulsion Burnouts . | . . . Robots Hopped . | . . . Cave-ins Triggered . | . . . Exploration Rate (%) 32 | 2 71 23 Regions Visited 2 Branch Regions 1 Pre-discovered Areas 2 | . 2 . Known Exits Taken . | . . . Unknown Exits Taken 2 | 1 1 . Scrap Searched . | . . . Spaces Dug . | . . . Terrain Destroyed . | . . . Melee . | . . . Projectile . | . . . AOE . | . . . Terrain Rammed . | . . . Walls Destroyed . | . . . Machines Disabled . | . . . Actions | -11 -10 -10 --------- Run | Yrd Mat Sub Total 874 | . 529 345 Wait 21 | . 13 8 Move 734 | . 444 290 Hop . | . . . Pick Up 5 | . 4 1 Fast Attach 4 | . 3 1 Attach 8 | . 3 5 Detach 1 | . 1 . Swap 1 | . 1 . Drop 6 | . 5 1 Fire 90 | . 51 39 Melee . | . . . Ram . | . . . Kick 1 | . 1 . Crush 3 | . 3 . Escape Stasis . | . . . Rewire . | . . . Trap . | . . . Miscellaneous . | . . . Route ------- -11/Scrapyard -10/Materials (discovered 4 exits: *Mat x3 / [*Sub]) -10/Subcaves (discovered 2 exits: *Mat x2) History --------- Turn | Location | Event 1 | -11/Scrapyard | Discovered new exit (range 0) 1 | -11/Scrapyard | Entered Materials 315 | -10/Materials | Build established: Mutant 423 | -10/Materials | Core integrity fell below 50% 459 | -10/Materials | Learned location of Recycling (-7) 505 | -10/Materials | Learned 4 Subcaves zone layouts 567 | -10/Materials | Learned Storage trap positions 589 | -10/Materials | Learned Materials stockpile data 606 | -10/Materials | Loaded intel: 10 trap records 633 | -10/Materials | Identified exit to Materials 646 | -10/Materials | Discovered exit to Materials (range 6) 890 | -10/Materials | Discovered new exit (range 10) 906 | -10/Materials | Entered Subcaves 907 | -10/Subcaves | Identified exit to Materials 1057 | -10/Subcaves | Discovered exit to Materials (range 14) 1454 | -10/Subcaves | Core integrity fell below 20% 1477 | -10/Subcaves | Disturbed a concealed Subdweller 1486 | -10/Subcaves | Destroyed by JY-PFE(R) with Subdweller Machine Gun Last Messages --------------- 01379_ Acquired 31 matter. 01380_ System corrupted: Matter fused (-7). 01382_ Acquired Beam Rifle. 01383_ Acquired 12 matter. 01385_ Acquired 3 matter. 01393_ Acquired 4 matter. 01414_ YX-R6O(R): "MADSUB!" 01432_ YX-R6O(R) knocked back. 01432_ Lgt. Treads destroyed. 01435_ YX-R6O(R) destroyed. 01448_ Subatomizers dissect the Wheel, destroying it. 01470_ EY-5YR(R) destroyed. 01477_ JY-PFE(R) angrily emerges from the Twisted Machinery. 01477_ VU3C 1REN#PN,,0J&XI|TJ